 Dungeon Crawl Stone Soup version 0.25-a0-424-g80bd347ae0 (webtiles) character file.

Game seed: 3566590090656144695, levelgen mode: deterministic

43001 zorance the Blocker (level 14, 0/146 HPs)
             Began as an Ogre Wizard on Jan 20, 2020.
             Was an Elder of Ashenzari.
             Slain by a seven-headed hydra (9 damage)
             ... on level 13 of the Dungeon.
             The game lasted 02:06:23 (44192 turns).

zorance the Blocker (Ogre Wizard)                  Turns: 44192, Time: 02:06:23

Health: 0/146      AC: 14    Str: 14    XL:     14   Next: 22%
Magic:  4/27       EV: 14    Int: 23    God:    Ashenzari [****..]
Gold:   3279       SH: 18    Dex: 12    Spells: 4/32 levels left

rFire    . . .     SeeInvis +   J - +2 short sword (venom)
rCold    . . .     Gourm    .   E - +0 large shield (curse)
rNeg     . . .     Faith    .   D - +0 steam dragon scales (curse)
rPois    +         Spirit   .   b - +0 hat
rElec    .         Reflect  .   w - +2 cloak
rCorr    .         Harm     .   (gloves unavailable)
MR       +....     Clarity  +   (boots unavailable)
Stlth    +++.......             X - amulet of the acrobat (curse)
HPRegen  0.34/turn              r - +5 ring of protection
MPRegen  0.20/turn              m - ring of poison resistance (curse)

@: agile, confusing touch
A: large, unfitting armour, tough skin 1
a: Curse Item, Scrying, Renounce Religion


You were on level 13 of the Dungeon.
You worshipped Ashenzari.
Ashenzari was greatly pleased with you.
You were not hungry.

You visited 2 branches of the dungeon, and saw 19 of its levels.

You collected 3351 gold pieces.
You spent 72 gold pieces at shops.

Inventory:

Hand Weapons
 J - a +2 short sword of venom (weapon)
Missiles
 y - 23 poisoned darts (quivered)
 I - 10 throwing nets
 Q - 9 curare-tipped darts
Armour
 b - a +0 hat (worn)
 w - a +2 cloak (worn)
 D - cursed +0 steam dragon scales (worn)
 E - a cursed +0 large shield (worn)
Magical Staves
 z - an uncursed staff of energy
Jewellery
 a - the ring of Fizakakk {Wiz rElec rC- Dex+5}
   (You found it on level 3 of the Lair of Beasts)

   [ring of wizardry]

   It improves your spell success rate.
   It affects your dexterity (+5).
   It makes you vulnerable to cold.
   It insulates you from electricity.
 m - a cursed ring of poison resistance (right hand)
 r - a +5 ring of protection (left hand)
 G - an uncursed ring of flight
 K - an uncursed ring of protection from fire
 X - a cursed amulet of the acrobat (around neck)
Wands
 e - a wand of paralysis (21)
 s - a wand of flame (34)
 u - a wand of enslavement (22)
 x - a wand of scattershot (9)
 B - a wand of acid (23)
 U - a wand of random effects (25)
 V - a wand of digging (7)
Scrolls
 c - 3 scrolls of fear
 f - 5 scrolls of blinking
 j - a scroll of fog
 k - 4 scrolls of amnesia
 p - 10 scrolls of teleportation
 v - 4 scrolls of identify
 L - 2 scrolls of enchant armour
 N - a scroll of enchant weapon
 O - 5 scrolls of remove curse
 P - a scroll of immolation
 Z - 2 scrolls of silence
Potions
 g - 3 potions of agility
 h - 2 potions of heal wounds
 i - 3 potions of brilliance
 l - 4 potions of might
 n - 7 potions of curing
 o - a potion of ambrosia
 q - 5 potions of invisibility
 t - 3 potions of haste
 A - 2 potions of cancellation
 F - 4 potions of flight
 H - a potion of lignification
 M - 2 potions of magic
 W - a potion of mutation
Comestibles
 d - 17 rations
 C - 5 chunks of flesh


   Skills:
 + Level 11.0 Fighting
 + Level 11.7 Short Blades
 - Level 1.7 Dodging
 - Level 2.1 Stealth
 * Level 11.8(13.8) Shields
 + Level 9.9 Spellcasting
 - Level 5.5(7.8) Conjurations
 - Level 4.0(6.1) Hexes
 - Level 3.5(5.5) Summonings
 - Level 3.0(5.0) Translocations
 - Level 2.1(3.9) Fire Magic
 - Level 3.1(5.1) Air Magic
 - Level 3.1(5.1) Poison Magic


You had 4 spell levels left.
You knew the following spells:

 Your Spells              Type           Power        Failure   Level  Hunger
a - Magic Dart            Conj           ####         1%          1    None
b - Call Imp              Summ           #####...     1%          2    None
c - Mephitic Cloud        Conj/Pois/Air  #####...     1%          3    None
d - Slow                  Hex            #####...     1%          2    None
e - Blink                 Tloc           N/A          1%          2    None
f - Confusing Touch       Hex            #####...     1%          3    None
g - Dazzling Flash        Conj/Hex       #####.       1%          3    None
h - Conjure Flame         Conj/Fire      #####...     1%          3    None
i - Tukima's Dance        Hex            #####...     1%          3    None
j - Shroud of Golubria    Chrm/Tloc      ###...       3%          2    None
k - Cause Fear            Hex            #####.....   6%          4    ##.....

Your spell library contained the following spells:

 Spells                   Type           Power        Failure   Level  Hunger
 Corona                   Hex            #####..      1%          1    None
 Gell's Gravitas          Tloc           ####......   2%          3    None
 Lesser Beckoning         Tloc           ####......   2%          3    None
 Teleport Other           Tloc           ####....     2%          3    None
 Ensorcelled Hibernation  Hex/Ice        ####..       3%          2    None
 Swiftness                Chrm/Air       ###.....     3%          2    None
 Animate Skeleton         Necr           N/A          6%          1    None
 Beastly Appendage        Tmut           ##....       6%          1    None
 Pain                     Necr           ##..         6%          1    None
 Spider Form              Tmut/Pois      ###.......   7%          3    None
 Summon Lightning Spire   Summ/Air       #####...     8%          4    ##.....
 Passage of Golubria      Tloc           N/A          9%          4    ##.....
 Passwall                 Tmut/Erth      ##......     10%         2    None
 Sticks to Snakes         Tmut           ##......     10%         2    None
 Vampiric Draining        Necr           ##........   19%         3    None
 Animate Dead             Necr           N/A          54%         4    ##.....
 Ice Form                 Ice/Tmut       ##......     54%         4    ##.....
 Silence                  Hex/Air        #####.....   21%         5    ####...
 Yara's Violent Unravell  Hex/Tmut       ####......   47%         5    ####...
 Conjure Ball Lightning   Conj/Air       #####.....   61%         6    ######.
 Darkness                 Hex            #####.....   65%         6    ######.
 Invisibility             Hex            #####...     65%         6    ######.
 Agony                    Necr           ##......     87%         5    ####...
 Blade Hands              Tmut           ##........   87%         5    ####...
 Lee's Rapid Deconstruct  Erth           ##........   87%         5    ####...
 Deflect Missiles         Chrm/Air       ###.......   98%         6    ######.
 Discord                  Hex            #####.....   100%        8    #######
 Tornado                  Air            #####.....   100%        9    #######


Dungeon Overview and Level Annotations

Branches:
Dungeon (13/15)            Temple (0/1) D:6            Lair (6/6) D:10
 Shoals (0/4) Lair:3       Spider (0/4) Lair:3        Slime (0/5) Lair:6
    Orc (0/2) D:12
 Vaults: D:13-14

Altars:
Ashenzari
Cheibriados
Hepliaklqana
Makhleb
Nemelex Xobeh
Okawaru
Qazlal
Ru
Sif Muna
Uskayaw
Wu Jian
Zin
The Shining One
Beogh

Shops:
D:5 (   D:7 !   D:12 [

Annotations:
D:10 2 runed translucent doors, exclusions: 2 doors, fire dragon, lich and vampire, Shadow153's ghost, journeyman HuCj
D:12 exclusion: downstairs
Lair:1 exclusion: downstairs
Lair:3 exclusion: oklob plant
Lair:5 exclusion: 2 oklob plants


Innate Abilities, Weirdness & Mutations

You are too large for most types of armour.
You have tough skin. (AC +1)


Message History

The seven-headed hydra bites you!
* * * LOW HITPOINT WARNING * * *
The seven-headed hydra bites you!
* * * LOW HITPOINT WARNING * * *
You block the seven-headed hydra's attack.
The seven-headed hydra bites you but does no damage.
The seven-headed hydra bites you.
* * * LOW HITPOINT WARNING * * *
Your crimson imp hits the seven-headed hydra.
You feel agile all of a sudden.
You block the seven-headed hydra's attack.
The seven-headed hydra bites you.
* * * LOW HITPOINT WARNING * * *
The seven-headed hydra bites you.
* * * LOW HITPOINT WARNING * * *
The seven-headed hydra bites you.
* * * LOW HITPOINT WARNING * * *
You block the seven-headed hydra's attack.
The seven-headed hydra bites you!
You die...

#......... , , * *
#)######## * #.# #5# ,
#.# #.# ,*
#[#################.#
*
#..........5.........,
,
#.†....<....D@.......
, ,,
#†.################..
,, , #÷.# , #..# , ,
#..# , , #..# , , ,
#..# , , #..# *,, ,
#..# * * * * ,


You could see a seven-headed hydra and a friendly crimson imp.

Vanquished Creatures
  5 dire elephants (Lair:6)
  Fannar (D:11)
  Harold (D:11)
  An anaconda (Lair:6)
  Urug (Lair:1)
  Sonja (Lair:3)
  An unseen horror (D:12)
  3 ugly things (D:11)
  A wolf spider (Lair:3)
  A deep elf mage (D:13)
  15 elephants (Lair:6)
  3 black mambas
  Maggie (Lair:1)
  2 rime drakes
  2 komodo dragons
  5 spiny frogs
  2 tengu conjurers (D:13)
  Grinder (D:3)
  9 blink frogs
  12 hippogriffs
  7 dream sheep (Lair:5)
  4 wyverns
  2 basilisks
  Eustachio (D:5)
  34 yaks
  A steam dragon (D:9)
  3 vampire mosquitoes
  2 wargs (D:10)
  2 acid dragons
  10 water moccasins
  13 porcupines
  3 orc warriors
  2 black bears (D:6)
  5 sky beasts
  3 ogres
  3 phantoms
  12 wolves
  6 centaurs
  12 crocodiles
  3 big kobolds
  9 bullfrogs
  2 gnoll sergeants
  A wyvern skeleton (D:10)
  3 scorpions
  3 killer bees (D:11)
  2 wights (D:12)
  8 crimson imps
  6 howler monkeys
  4 hounds
  2 quasits
  3 centaur zombies
  3 centaur skeletons
  10 jellies
  8 orc wizards
  9 orc priests
  3 iguanas
  5 worker ants
  A worker ant zombie (D:7)
  18 adders
  7 gnolls
  4 shadow imps
  5 oozes
  2 adder skeletons (D:5)
  An adder zombie (D:6)
  A worm (D:2)
  3 dart slugs
  8 leopard geckos
  25 orcs
  A ball python (D:5)
  3 giant cockroaches (D:1)
  7 goblins
  10 hobgoblins
  7 jackals
  33 kobolds
  A quokka (D:9)
  15 bats
  5 frilled lizards
  A leopard gecko skeleton (D:6)
  9 rats
  A fungus (Lair:6)
  2 plants (Lair:6)
447 creatures vanquished.

Vanquished Creatures (collateral kills)
  A dire elephant (Lair:6)
  3 hydras
  A catoblepas (Lair:6)
  A two-headed ogre (D:11)
  A torpor snail (shapeshifter) (D:11)
  3 black mambas
  A blink frog (Lair:3)
  A meliai zombie (D:12)
  A snapping turtle (Lair:3)
  4 yaks
  2 vampire mosquitoes
  A hungry ghost (D:11)
  A warg (D:10)
  2 water moccasins
  An ice beast (D:9)
  2 ogres
  A wolf (Lair:4)
  A big kobold (D:12)
  A wight (D:12)
  5 jellies (Lair:6)
  A hound (D:6)
  An iguana (D:4)
  An orc wizard (D:12)
  2 worker ants
  Robin (D:3)
  A howler monkey skeleton (D:11)
  An adder (D:3)
  An ooze (Lair:6)
  6 orcs
  2 goblins
  5 jackals
  A kobold (D:12)
57 creatures vanquished.

Vanquished Creatures (others)
  A yak (Lair:6)
  7 fungi
  8 plants
16 creatures vanquished.

Grand Total: 520 creatures vanquished

Notes
Turn   | Place    | Note
-------+----------+-------------------------------------------
     0 | D:1      | zorance the Ogre Wizard began the quest for the Orb.
     0 | D:1      | Reached XP level 1. HP: 16/16 MP: 5/5
    66 | D:1      | Reached skill level 1 in Conjurations
   240 | D:1      | Reached XP level 2. HP: 15/24 MP: 1/6
   453 | D:1      | Learned a level 2 spell: Call Imp
  1544 | D:1      | Reached XP level 3. HP: 31/31 MP: 4/8
  1549 | D:1      | Learned a level 3 spell: Mephitic Cloud
  1552 | D:1      | Learned a level 2 spell: Slow
  1555 | D:1      | Learned a level 2 spell: Blink
  2928 | D:2      | Found a hazy altar of Hepliaklqana.
  3034 | D:2      | Found an ornate altar of the Wu Jian Council.
  3411 | D:2      | Reached XP level 4. HP: 39/39 MP: 3/10
  3871 | D:2      | Found a faded altar of an unknown god.
  3909 | D:2      | Reached skill level 1 in Poison Magic
  4115 | D:2      | Reached skill level 1 in Air Magic
  4490 | D:2      | Found a snail-covered altar of Cheibriados.
  4832 | D:3      | Reached XP level 5. HP: 45/45 MP: 7/11
  5445 | D:3      | Noticed Grinder
  5819 | D:3      | Noticed Robin
  6145 | D:3      | Killed Robin
  6757 | D:3      | Paralysed by Grinder for 3 turns
  6785 | D:3      | Paralysed by Grinder for 2 turns
  6836 | D:3      | Killed Grinder
  6836 | D:3      | Reached XP level 6. HP: 26/53 MP: 4/13
  7129 | D:4      | Found a sacrificial altar of Ru.
  7272 | D:4      | Reached skill level 5 in Spellcasting
  7946 | D:4      | Reached skill level 1 in Fighting
  7946 | D:4      | Reached XP level 7. HP: 62/62 MP: 3/14
  8657 | D:5      | Entered Level 5 of the Dungeon
  9001 | D:5      | Found Oxyibleq's Antique Weapon Shoppe.
  9196 | D:5      | Found a shattered altar of Ashenzari.
  9237 | D:5      | Found a stormy altar of Qazlal.
  9242 | D:5      | Became a worshipper of Ashenzari the Shackled
  9245 | D:5      | Found a hide-covered altar of Uskayaw.
  9245 | D:5      | Found a glowing golden altar of the Shining One.
  9247 | D:5      | Found a shimmering blue altar of Sif Muna.
  9561 | D:6      | Reached skill level 1 in Summonings
  9671 | D:5      | Reached skill level 5 in Conjurations
 10019 | D:6      | Found a staircase to the Ecumenical Temple.
 10051 | D:6      | Reached XP level 8. HP: 61/75 MP: 6/15
 10274 | D:6      | Reached skill level 1 in Translocations
 10466 | D:5      | Noticed Eustachio
 10492 | D:5      | Killed Eustachio
 10920 | D:6      | Found a burning altar of Makhleb.
 10962 | D:6      | Found a sparkling altar of Nemelex Xobeh.
 11191 | D:7      | Found Ytyubeci's Distillery.
 11197 | D:7      | Bought a potion of heal wounds for 60 gold pieces
 11197 | D:7      | Bought a potion of degeneration for 12 gold pieces
 11392 | D:7      | Reached skill level 5 in Fighting
 11901 | D:7      | Reached XP level 9. HP: 88/93 MP: 15/18
 11906 | D:7      | Learned a level 3 spell: Confusing Touch
 11910 | D:7      | Learned a level 3 spell: Dazzling Flash
 11978 | D:7      | Reached skill level 1 in Hexes
 11985 | D:7      | Reached skill level 1 in Short Blades
 13053 | D:8      | Found a glowing silver altar of Zin.
 14746 | D:9      | Found an iron altar of Okawaru.
 15297 | D:9      | Reached XP level 10. HP: 106/106 MP: 15/20
 15896 | D:9      | Reached * piety under Ashenzari
 16049 | D:10     | Entered Level 10 of the Dungeon
 16545 | D:10     | Found a staircase to the Lair.
 18144 | D:10     | Noticed a lich
 18144 | D:10     | Noticed Shadow153's ghost (journeyman HuCj)
 18146 | D:10     | Noticed a fire giant
 18146 | D:10     | Noticed a fire dragon
 18146 | D:10     | Noticed a cyclops
 18148 | D:10     | Noticed a necromancer
 18445 | D:10     | Found a runed translucent door.
 18459 | D:10     | Reached skill level 1 in Shields
 18667 | D:10     | Found a runed translucent door.
 18842 | D:11     | Noticed a red ugly thing
 18872 | D:11     | Killed a red ugly thing
 18872 | D:11     | Reached skill level 5 in Short Blades
 19662 | D:11     | Noticed a death drake
 19668 | D:11     | Noticed a torpor snail
 19668 | D:11     | a death drake changed into a torpor snail
 19674 | D:11     | Killed a torpor snail
 19717 | D:11     | Reached skill level 10 in Fighting
 19748 | D:11     | Noticed a two-headed ogre
 20048 | D:11     | Killed a two-headed ogre
 20048 | D:11     | Reached XP level 11. HP: 109/118 MP: 12/23
 21063 | D:11     | Noticed Fannar
 21083 | D:11     | Noticed a white ugly thing
 21510 | D:11     | Killed Fannar
 21510 | D:11     | Reached skill level 5 in Shields
 21752 | D:11     | Noticed Harold
 21794 | D:11     | Killed Harold
 22145 | D:11     | Killed a purple ugly thing
 22222 | D:11     | Learned a level 3 spell: Conjure Flame
 22669 | D:12     | Noticed a red ugly thing
 24031 | D:11     | Killed a red ugly thing
 24031 | D:11     | Reached skill level 1 in Fire Magic
 24770 | D:12     | Found a staircase to the Orcish Mines.
 26026 | D:10     | Found a runed translucent door.
 26041 | D:10     | Found a runed translucent door.
 26252 | D:10     | Found a staircase to the Lair.
 26542 | D:12     | Killed an unseen horror
 26542 | D:12     | Reached XP level 12. HP: 84/130 MP: 21/24
 26562 | D:12     | Found a roughly hewn altar of Beogh.
 26807 | D:12     | Found Faipierir's Armour Shop.
 26829 | D:12     | Got the halberd of Integrity {freeze, rN+}
 27026 | D:13     | Noticed a two-headed ogre
 27406 | Lair:1   | Entered Level 1 of the Lair of Beasts
 28037 | Lair:1   | Noticed Urug
 28044 | Lair:1   | Learned a level 3 spell: Tukima's Dance
 28120 | Lair:1   | Killed Urug
 28736 | Lair:1   | Noticed Maggie
 28773 | Lair:1   | Killed Maggie
 28857 | Lair:1   | Noticed a six-headed hydra
 28870 | Lair:1   | Killed a six-headed hydra
 29300 | Lair:2   | Noticed an eight-headed hydra
 30597 | Lair:2   | Killed an eight-headed hydra
 31227 | Lair:2   | Learned a level 2 spell: Shroud of Golubria
 31269 | Lair:2   | Reached ** piety under Ashenzari
 31547 | Lair:3   | Identified the ring of Fizakakk {Wiz rElec rC- Dex+5}
 31648 | Lair:3   | Found a staircase to the Shoals.
 32016 | Lair:3   | Reached skill level 10 in Short Blades
 32042 | Lair:3   | Found a hole to the Spider Nest.
 32454 | Lair:3   | Noticed Sonja
 33696 | Lair:3   | Killed Sonja
 33696 | Lair:3   | Reached XP level 13. HP: 121/137 MP: 20/25
 34734 | Lair:4   | Reached *** piety under Ashenzari
 35700 | Lair:5   | Reached skill level 10 in Shields
 36267 | Lair:5   | Learned a level 4 spell: Cause Fear
 36662 | Lair:5   | Reached **** piety under Ashenzari
 36948 | Lair:6   | Entered Level 6 of the Lair of Beasts
 38025 | Lair:6   | Found a staircase to the Slime Pits.
 40085 | Lair:6   | Noticed a dire elephant
 40129 | Lair:6   | Killed a dire elephant
 40449 | Lair:6   | Noticed a dire elephant
 40489 | Lair:6   | Noticed a dire elephant
 40498 | Lair:6   | Killed a dire elephant
 40891 | Lair:6   | Killed a dire elephant
 40891 | Lair:6   | Reached XP level 14. HP: 100/146 MP: 20/27
 40902 | Lair:6   | Noticed a dire elephant
 40945 | Lair:6   | Killed a dire elephant
 41449 | Lair:6   | Identified a scroll of acquirement
 41512 | Lair:6   | Noticed a dire elephant
 41512 | Lair:6   | Noticed a dire elephant
 42048 | Lair:6   | Killed a dire elephant
 42408 | Lair:6   | Killed a dire elephant
 43637 | D:13     | Identified the cursed +11 quick blade "Ashraraecw" {flame,
                  | +Inv} (You acquired it on level 13 of the Dungeon)
 43637 | D:13     | Identified the cursed amulet of Xoum {+Rage Str+4} (You
                  | acquired it on level 13 of the Dungeon)
 44192 | D:13     | Slain by a seven-headed hydra

Levels and vault maps discovered:
D:1:      matt_arrival_spirals, layout_basic, palyth_stone_intersect
D:2:      layout_basic, cheibriados_altar_1, grunt_temple_overflow_open,
          chequers_ecumenical_altar_simple, first_ration
D:3:      layout_basic, uniq_robin, uniq_grinder
D:4:      layout_basic, nicolae_ru_great_annihilating_truth
D:5:      cheibrodos_helix_gallery, layout_basic, minitemple, serial_shops,
          shop, uniq_eustachio
D:6:      layout_rooms, lemuel_doored_altar, nicolae_overflow_crystal_walls,
          minmay_temple_entry_purple_smoke
D:7:      layout_basic, serial_shops, shop
D:8:      layout_basic, marbit_many_paths
D:9:      layout_basic, okawaru_gym_becter
D:10:     layout_loops_ring, erik_lair_orcish_takeover,
          muffindrake_ghost_dual_entry
D:11:     layout_roguey, uniq_harold, uniq_fannar
D:12:     layout_cave_pools, minmay_orc_entry_temple_small, enter_bailey_2,
          serial_shops, shop
D:13:     layout_long_grid, david_vaults_2, nicolae_trove_entry_diagonal
Lair:1:   layout_gridlike, infiniplex_staircase_pool, uniq_urug, uniq_maggie
Lair:2:   layout_loops_ring, chequers_serial_rivers_micro_a
Lair:3:   layout_misc_corridors, minmay_shoals_entry_hut,
          spider_nest_entry_rubble, minmay_lair_oklob_bushes,
          grunt_megastairs_3, uniq_sonja
Lair:4:   layout_regular_city, grunt_megastairs_4, lemuel_fruit_fields
Lair:5:   layout_layer_cave, chequers_serial_rivers_micro_a,
          minmay_lair_oklob_chamber
Lair:6:   due_jungle_book, layout_concentric_octagons,
          minmay_slime_entry_jelly_boxes

Skill      XL: |  1  2  3  4  5  6  7  8  9 10 11 12 13 |
---------------+----------------------------------------+-----
Conjurations   | 1 2 3 4 5 |  5.5
Spellcasting   | 4 5 6 7 8 9 |  9.9
Poison Magic   | 1 2 3 |  3.1
Air Magic      | 1 2 3 |  3.1
Fighting       | 1 3 7 8 10 11 | 11.0
Summonings     | 1 2 3 |  3.5
Translocations | 2 3 |  3.0
Hexes          | 4 |  4.0
Short Blades   | 3 6 8 10 11 | 11.7
Stealth        | 2 |  2.1
Shields        | 3 6 9 11 | 11.8
Fire Magic     | 2 |  2.1
Dodging        | |  1.7

Action                   |  1- 3 |  4- 6 |  7- 9 | 10-12 | 13-15 || total
-------------------------+-------+-------+-------+-------+-------++-------
Melee: Club              |    12 |       |       |       |       ||    12
       Dagger            |    19 |    18 |   255 |   724 |       ||  1016
       Hand axe          |       |    20 |     1 |       |       ||    21
       Short sword       |       |       |       |   372 |   875 ||  1247
Throw: Dart              |       |       |       |     7 |     9 ||    16
 Cast: Magic Dart        |    79 |   107 |   196 |   342 |   112 ||   836
       Call Imp          |     4 |    27 |    27 |   135 |    57 ||   250
       Mephitic Cloud    |     1 |     3 |    35 |    66 |    43 ||   148
       Confusing Touch   |       |       |     1 |    45 |    57 ||   103
       Blink             |       |       |       |    10 |    23 ||    33
       Dazzling Flash    |       |       |       |     2 |     1 ||     3
       Conjure Flame     |       |       |       |     2 |       ||     2
       Tukima's Dance    |       |       |       |     8 |       ||     8
       Slow              |       |       |       |     2 |     1 ||     3
       Shroud of Golubri |       |       |       |       |     3 ||     3
       Cause Fear        |       |       |       |       |     1 ||     1
Invok: Curse Item        |       |       |     1 |     1 |     1 ||     3
Evoke: Wand              |       |       |       |       |     5 ||     5
  Use: Scroll            |       |       |     9 |    13 |     7 ||    29
       Potion            |       |       |       |     5 |     1 ||     6
 Stab: Confused          |       |       |     6 |    45 |    52 ||   103
       Sleeping          |       |       |     1 |     1 |       ||     2
       Distracted        |       |       |       |     2 |       ||     2
       Invisible         |       |       |       |       |     1 ||     1
  Eat: Chunk             |     8 |    10 |    13 |    25 |    14 ||    70
       Ration            |       |     1 |     3 |    10 |     6 ||    20
Armor: Robe              |    29 |    12 |    93 |       |       ||   134
       Skin              |       |     9 |       |       |       ||     9
       Steam dragon scal |       |       |    28 |   516 |   192 ||   736
Dodge: Dodged            |    33 |    36 |   131 |   528 |   228 ||   956
Block: Shield            |       |       |       |   132 |   131 ||   263
       Large shield      |       |       |       |       |   302 ||   302

Table legend:
 A = Non-vault XP
 B = Vault XP
 C = Vault XP percentage of total XP
 D = Non-vault monster count
 E = Vault monster count
 F = Vault count percentage of total count
                 A         B        C        D         E       F
            +---------+---------+-------+---------+---------+-------
      Total |   50812 |   10619 |  17.3 |     434 |      68 |  13.5
            +---------+---------+-------+---------+---------+-------
        D:1 |      57 |       0 |   0.0 |      33 |       0 |   0.0
        D:2 |     104 |       4 |   3.7 |      22 |       2 |   8.3
        D:3 |      80 |     264 |  76.7 |      25 |       7 |  21.9
        D:4 |     127 |      47 |  27.0 |       7 |       4 |  36.4
        D:5 |     313 |     156 |  33.3 |      16 |       2 |  11.1
        D:6 |     689 |       0 |   0.0 |      15 |       0 |   0.0
        D:7 |    1024 |       0 |   0.0 |      14 |       0 |   0.0
        D:8 |     781 |     221 |  22.1 |      28 |       1 |   3.4
        D:9 |    1332 |       0 |   0.0 |      24 |       0 |   0.0
       D:10 |    1377 |     447 |  24.5 |      15 |       8 |  34.8
       D:11 |    6899 |    1959 |  22.1 |      61 |       3 |   4.7
       D:12 |    2465 |     419 |  14.5 |      28 |       9 |  24.3
       D:13 |    1732 |       0 |   0.0 |       9 |       0 |   0.0
     Lair:1 |    4064 |    1196 |  22.7 |      18 |       2 |  10.0
     Lair:2 |    4003 |       0 |   0.0 |      20 |       0 |   0.0
     Lair:3 |    3067 |    1691 |  35.5 |      19 |       4 |  17.4
     Lair:4 |    3237 |    1140 |  26.0 |      20 |       5 |  20.0
     Lair:5 |    3576 |     259 |   6.8 |      18 |       1 |   5.3
     Lair:6 |   15885 |    2816 |  15.1 |      42 |      20 |  32.3
            +---------+---------+-------+---------+---------+-------
